 Dungeon Crawl Stone Soup version 0.19.4-8-ga85b6b9 (webtiles) character file.

164 vatarom the Ducker (level 5, -5/45 HPs)
             Began as a Ghoul Chaos Knight on Feb 13, 2017.
             Slain by a gnoll
             ... wielding a +0 spear
              (9 damage)
             ... on level 4 of the Dungeon.
             The game lasted 00:03:30 (1761 turns).

vatarom the Ducker (Ghoul Chaos Knight)             Turns: 1761, Time: 00:03:30

Health: -5/45      AC:  7    Str: 16    XL:     5   Next: 45%
Magic:  4/4        EV: 13    Int: 12    God:    Xom [.*....]
Gold:   86         SH:  0    Dex:  9    Spells: 0 memorised, 4 levels left

rFire  . . .     SeeInvis +       - Unarmed
rCold  + . .     Gourm    .     a - +2 leather armour
rNeg   + + +     Faith    .     (no shield)
rPois  ∞         Spirit   .     c - +1 helmet
rElec  .         Reflect  .     (no cloak)
rCorr  .         Harm     .     (no gloves)
MR     .....                    (no boots)
Stlth  +.........               (no amulet)
                                g - +5 ring of intelligence
                                e - ring of see invisible

@: rotting
A: rotting body, claws 1, carnivore 3, cold resistance 1, negative energy
resistance 3, slow regeneration 1, torment resistance, unbreathing
a: Renounce Religion


You were on level 4 of the Dungeon.
You worshipped Xom.
You were a plaything of Xom.
You were not hungry.

You visited 1 branch of the dungeon, and saw 3 of its levels.

You collected 86 gold pieces.

Inventory:

Armour
 a - a +2 leather armour (worn)
 c - a +1 helmet (worn)
Jewellery
 e - a ring of see invisible (left claw)
 g - a +5 ring of intelligence (right claw)
Scrolls
 d - a scroll of fear {unknown}
 h - a scroll of identify
 i - 3 scrolls of recharging
Potions
 j - a potion of brilliance
Comestibles
 b - a meat ration
 f - a beef jerky


   Skills:
 - Level 3.2 Fighting
 - Level 1.7 Armour
 + Level 4.6 Dodging
 - Level 3.2 Unarmed Combat


You had 4 spell levels left.
You didn't know any spells.

Dungeon Overview and Level Annotations

Branches:
Dungeon (2/15)

Altars:


Innate Abilities, Weirdness & Mutations

Your body is rotting away.
You thrive on raw meat.
You are immune to poison.
You have sharp fingernails.
You are carnivorous and can eat meat at any time.
Your flesh is cold resistant. (rC+)
You are immune to negative energy. (rN+++)
You regenerate slowly when monsters are visible.
You are immune to unholy pain and torment.
You can survive without breathing.


Message History

The gnoll barely misses you.
You closely miss the gnoll.
The gnoll is lightly wounded.
You scratch the gnoll.
The gnoll is heavily wounded.
The gnoll hits you with a spear!
You scratch the gnoll but do no damage.
The gnoll is heavily wounded.
The gnoll hits you with a spear!
* * * LOW HITPOINT WARNING * * *
You scratch the gnoll.
The gnoll is heavily wounded.
The gnoll hits you but does no damage.
You barely miss the gnoll.
The gnoll is heavily wounded.
The gnoll completely misses you.
You closely miss the gnoll.
The gnoll is heavily wounded.
The gnoll hits you with a spear!
You die...

..# ##.## .## #.#
## #.# #
#####.##### #
#.......?.# ##
#.###.###§# .## #.#
#[# #§# ..##
#.###.# #§# ...##
#..##.# #@#
....####...#.###g#
....'...........g.
....####...#.######
...## ##....# ..##
#.#### .## #.# ##
#.# # #.#


You could see 2 gnolls.

Vanquished Creatures
  A scorpion (D:4)
  An orc wizard (D:4)
  A gnoll (D:4)
  2 adders
  2 oozes (D:4)
  A worm (D:2)
  A dart slug (D:1)
  3 leopard geckos
  5 orcs (D:4)
  3 giant cockroaches
  5 goblins (D:1)
  3 hobgoblins
  3 jackals (D:1)
  2 kobolds (D:1)
  3 bats (D:1)
  3 frilled lizards (D:1)
  A rat (D:1)
40 creatures vanquished.

Vanquished Creatures (collateral kills)
  A jackal (D:1)
  A kobold (D:1)
2 creatures vanquished.

Grand Total: 42 creatures vanquished

Notes
Turn   | Place    | Note
-------+----------+-------------------------------------------
     0 | D:1      | vatarom the Ghoul Chaos Knight began the quest for the Orb.
     0 | D:1      | Reached XP level 1. HP: 19/19 MP: 0/0
     8 | D:1      | XOM: harmless Pois miscast
    14 | D:1      | XOM: divination: detect creatures
    23 | D:1      | Reached skill level 1 in Dodging
    87 | D:1      | XOM: cast spell 'Summon Ice Beast'
    90 | D:1      | Reached XP level 2. HP: 25/26 MP: 1/1
   153 | D:1      | Reached skill level 2 in Dodging
   184 | D:1      | XOM: noise
   319 | D:1      | Reached XP level 3. HP: 30/31 MP: 2/2
   443 | D:1      | XOM: medium Erth miscast
   705 | D:2      | XOM: god gift: 3 scrolls labeled UTTISO LIRU {god gift}
   805 | D:2      | Reached skill level 3 in Dodging
   825 | D:2      | XOM: mild Chrm miscast
   887 | D:2      | You fall through a shaft for 2 floors!
   977 | D:4      | Reached XP level 4. HP: 24/38 MP: 3/3
  1043 | D:4      | Reached skill level 4 in Dodging
  1043 | D:4      | Reached XP level 5. HP: 12/45 MP: 4/4
  1346 | D:4      | XOM: swap monsters
  1352 | D:4      | XOM: 3-stop teleportation journey
  1748 | D:4      | XOM: smoke on damage
  1761 | D:4      | Slain by a gnoll

Skill      XL: |  1  2  3  4 |
---------------+-------------+-----
Dodging        | 1 2 3 4 |  4.6
Fighting       | |  3.2
Armour         | |  1.7
Unarmed Combat | |  3.2

Action                   |  1- 3 |  4- 6 || total
-------------------------+-------+-------++-------
Melee: Unarmed           |   116 |    75 ||   191
       Punch             |     1 |       ||     1
  Use: Scroll            |     6 |       ||     6
       Potion            |     3 |       ||     3
 Stab: Sleeping          |       |     1 ||     1
  Eat: Chunk             |     2 |     3 ||     5
Armor: Leather armour    |    33 |    20 ||    53
Dodge: Dodged            |    57 |    36 ||    93
